 Dungeon Sprint DCSS version 0.26.1-10-gdfb7c7de75 (webtiles) character file.

Game seed: 8782527407618107072

615 Electrofox the Fighter (level 7, -8/74 HPs)
             Began as a Minotaur Fighter on Apr 4, 2021.
             Was an Initiate of Okawaru.
             Mangled by Sonja
             ... wielding a +0 dagger of distortion
              (16 damage)
             ... in the Dungeon (Sprint I: "Red Sonja").
             The game lasted 00:04:16 (476 turns).

Electrofox the Fighter (Minotaur Fighter)            Turns: 476, Time: 00:04:16

Health: -8/74      AC:  6    Str: 22    XL:     7   Next: 21%
Magic:  6/6        EV:  9    Int:  6    God:    Okawaru [......]
Gold:   117        SH: 12    Dex:  9    Spells: 6/6 levels left

rFire    . . .     SeeInvis +   a - +0 war axe
rCold    . . .     Faith    .   c - +0 kite shield
rNeg     . . .     Spirit   .   b - +0 scale mail
rPois    .         Reflect  .   (helmet restricted)
rElec    .         Harm     .   (no cloak)
rCorr    .         Rampage  .   (no gloves)
Will     .....     NoTele   +   (no boots)
Stlth    ..........             (no amulet)
HPRegen  0.22/turn              l - ring of see invisible
MPRegen  0.10/turn              (no ring)

@: lethally poisoned (-8 -> -10), slowed, very slow
A: retaliatory headbutt, horns 2
a: Renounce Religion


You were in the Dungeon.
You worshipped Okawaru.
Okawaru was noncommittal.
You visited 1 branch You collected 297 gold pieces.
You spent 180 gold pieces at shops.

Inventory:

Hand Weapons
 a - a +0 war axe (weapon)
Armour
 b - a +0 scale mail (worn)
 c - a +0 kite shield (worn)
Jewellery
 l - a ring of see invisible (left hand)
Scrolls
 d - a scroll of enchant armour {unknown}
 j - a scroll of blinking
Potions
 e - a potion of curing
 g - a potion of haste
 h - 2 potions of magic
 i - a potion of berserk rage
 k - a potion of flight {unknown}


   Skills:
 - Level 11.4 Fighting
 - Level 10.9 Axes
 + Level 3.6 Armour
 - Level 11.2 Shields


You had 6 spell levels left.
You didn't know any spells.
Your spell library was empty.

Dungeon Overview and Level Annotations

Branches:
Dungeon (1/1)

Altars:
Cheibriados
Dithmenos
Elyvilon
Fedhas
Gozag
Hepliaklqana
Kikubaaqudgha
Makhleb
Nemelex Xobeh
Okawaru
Qazlal
Ru
Sif Muna
Trog
Uskayaw
Vehumet
Wu Jian
Xom
Yredelemnul
Zin
The Shining One
Jiyva
Lugonu

Shops:
D *

Annotations:
D Sonja


Innate Abilities, Weirdness & Mutations

You reflexively headbutt those who attack you in melee.
You have a pair of horns on your head.


Message History

You completely miss Sonja.
You feel sick. You block Sonja's attack. x2
Sonja hits you but does no damage. Space warps horribly around you.
Sonja hits you with a +0 dagger of distortion!
Space bends around you. Sonja closely misses you.
Sonja hits you but does no damage. Space bends around you.
Sonja hits you with a +0 dagger of distortion.
Space warps horribly around you!
* * * LOW HITPOINT WARNING * * *
You block Sonja's attack. Sonja hits you but does no damage.
Space bends around you.
* * * LOW HITPOINT WARNING * * *
You feel much better.
You feel sick. Sonja barely misses you.
Sonja hits you with a +0 dagger of distortion.
Space warps horribly around you!!
* * * LOW HITPOINT WARNING * * *
Sonja hits you but does no damage.
Sonja hits you with a +0 dagger of distortion.
* * * LOW HITPOINT WARNING * * *
Space warps horribly around you!
You die...

#<.#..)..#..'..#__#
#..').#..').#..'..+
#..#####'#####'#__#
#..####..#...#.####
#..#__####..##)#
#..#_____##'#_.+
#⌠⌠#_.∩...'..._#
####_..__##_(#+#
#_____###@# #######
#K# $.$ #$.$# ##.##
#+#


You could see Sonja.

Vanquished Creatures
  A slime creature (D)
  Sigmund (D)
  A yak (D)
  An ogre (D)
  A jelly (D)
  Ijyb (D)
6 creatures vanquished.

Notes
Turn   | Place    | Note
-------+----------+-------------------------------------------
     0 | D        | Electrofox the Minotaur Fighter began the quest for the
                  | Orb.
     0 | D        | Reached XP level 1. HP: 19/19 MP: 0/0
     1 | D        | Noticed Ijyb
    17 | D        | Killed Ijyb
    18 | D        | Reached XP level 2. HP: 21/35 MP: 1/1
   147 | D        | Noticed an ogre
   149 | D        | Killed an ogre
   150 | D        | Reached XP level 3. HP: 47/47 MP: 2/2
   150 | D        | Reached XP level 4. HP: 55/55 MP: 3/3
   153 | D        | Noticed Sigmund
   159 | D        | Killed Sigmund
   160 | D        | Reached XP level 5. HP: 36/61 MP: 4/4
   160 | D        | Reached XP level 6. HP: 40/68 MP: 5/5
   310 | D        | Found a burning altar of Makhleb.
   310 | D        | Found a viscous altar of Jiyva.
   310 | D        | Found a shimmering altar of Xom.
   310 | D        | Found a corrupted altar of Lugonu.
   310 | D        | Noticed a slime creature
   322 | D        | Killed a slime creature
   323 | D        | Reached skill level 10 in Shields
   332 | D        | Found an ornate altar of the Wu Jian Council.
   332 | D        | Found a shimmering blue altar of Sif Muna.
   338 | D        | Reached skill level 10 in Axes
   338 | D        | Found a radiant altar of Vehumet.
   450 | D        | Found Guocoph's General Store.
   450 | D        | Found an ancient bone altar of Kikubaaqudgha.
   450 | D        | Found a hazy altar of Hepliaklqana.
   450 | D        | Found a hide-covered altar of Uskayaw.
   450 | D        | Found a basalt altar of Yredelemnul.
   450 | D        | Found an opulent altar of Gozag.
   450 | D        | Found a snail-covered altar of Cheibriados.
   450 | D        | Found a sacrificial altar of Ru.
   450 | D        | Found a shadowy altar of Dithmenos.
   450 | D        | Noticed a yak
   454 | D        | Killed a yak
   455 | D        | Reached XP level 7. HP: 74/74 MP: 6/6
   455 | D        | Found a stormy altar of Qazlal.
   455 | D        | Found a blossoming altar of Fedhas.
   455 | D        | Found a bloodstained altar of Trog.
   455 | D        | Found an iron altar of Okawaru.
   455 | D        | Found a glowing golden altar of the Shining One.
   455 | D        | Found a glowing silver altar of Zin.
   455 | D        | Found a white marble altar of Elyvilon.
   456 | D        | Found a sparkling altar of Nemelex Xobeh.
   461 | D        | Became a worshipper of Warmaster Okawaru
   463 | D        | Bought an uncursed ring of see invisible for 180 gold
                  | pieces
   470 | D        | Noticed Sonja
   476 | D        | Mangled by Sonja

Illustrated notes

Levels and vault maps discovered:
D:        dungeon_sprint_1 [red_sonja_temple_1, red_sonja_temple_small_1]

Skill      XL: |  1  2  3  4  5  6 |
---------------+-------------------+-----
Fighting       | 8 11 | 11.4
Axes           | 7 10 | 10.9
Shields        | 8 11 | 11.2
Armour         | |  3.6

Action                   |  1- 3 |  4- 6 |  7- 9 || total
-------------------------+-------+-------+-------++-------
Melee: War axe           |    16 |    22 |     2 ||    40
       Headbutt          |     4 |     4 |       ||     8
  Use: Potion            |     1 |       |     1 ||     2
Armor: Scale mail        |     5 |     1 |     4 ||    10
Dodge: Dodged            |     1 |     7 |     5 ||    13
Block: Kite shield       |     7 |     6 |    10 ||    23
